 Dungeon Crawl Stone Soup version 0.28.0-43-g3370ac3207 (webtiles) character file.

Game seed: 1380745044660550241

449 saw2855 the Chopper (level 6, -3/84 HPs)
             Began as a Minotaur Berserker on Mar 13, 2022.
             Was a Believer of Trog.
             Slain by a yak (9 damage)
             ... on level 4 of the Dungeon.
             The game lasted 00:09:27 (3018 turns).

saw2855 the Chopper (Minotaur Berserker)            Turns: 3018, Time: 00:09:27

Health: -3/84      AC:  7    Str: 23    XL:     6   Next: 74%
Magic:  5/5        EV: 11    Int:  4    God:    Trog [**....]
Gold:   175        SH:  0    Dex: 10    Spells: 5/5 levels left

rFire   . . .      SeeInvis .   b - +5 quarterstaff "Jergh" {drain, rC+}
rCold   + . .      Faith    .   (shield currently unavailable)
rNeg    . . .      Spirit   .   i - +0 scale mail
rPois   .          Reflect  .   (helmet restricted)
rElec   .          Harm     .   (no cloak)
rCorr   .          Rampage  .   (no gloves)
Will    .....                   (no boots)
Stlth   ..........              (no amulet)
HPRegen 0.24/turn               (no ring)
MPRegen 0.09/turn               (no ring)

@: berserking, very quick
A: horns 2, retaliatory headbutt
a: Renounce Religion, Berserk, Trog's Hand


You were on level 4 of the Dungeon.
You worshipped Trog.
Trog was pleased with you.
You visited 1 branch of the dungeon, and saw 4 of its levels.

You collected 175 gold pieces.

Inventory:

Hand Weapons
 a - a +0 hand axe of protection
 b - the +5 quarterstaff "Jergh" (weapon) {drain, rC+}
   (You found it on level 3 of the Dungeon)

   A truly terrible weapon, it drains the life of any living foe it strikes.
   rC:        It protects you from cold.
Armour
 i - a +0 scale mail (worn)
Jewellery
 c - a ring of protection from fire
Scrolls
 d - a scroll of teleportation
Potions
 e - a potion of magic
 f - 2 potions of attraction {unknown}
 g - a potion of curing {unknown}
 h - a potion of heal wounds {unknown}


   Skills:
 + Level 5.1 Fighting
 - Level 6.3 Axes
 * Level 2.7 Staves
 + Level 3.9 Armour
 + Level 3.2 Dodging
 + Level 1.2 Stealth


You had 5 spell levels left.
You didn't know any spells.
Your spell library was empty.

Dungeon Overview and Level Annotations

Branches:
Dungeon (4/15)
 Temple: D:4-7

Altars:


Innate Abilities, Weirdness & Mutations

You have a pair of horns on your head.
You reflexively headbutt those who attack you in melee.


Message History

A yak comes into view.
The yak gores you!
Press: ? - help, v - describe, . - travel, g - get item
Here: a yak Item here: 12 gold pieces.
The floor.
Unknown command.
Found 12 gold pieces.
You see here 5 gold pieces.
The yak bellows!
The yak misses you.
A red film seems to cover your vision as you go berserk!
You feel yourself moving faster!
You feel mighty! The yak gores you but does no damage. The yak gores you.
You sock the yak!
The yak is moderately wounded.
The yak barely misses you. You furiously retaliate!
You headbutt the yak! The yak barely misses you. You furiously retaliate!
You headbutt the yak. You thump the yak! Your headbutt misses the yak.
The yak is almost dead.
The yak completely misses you. The yak gores you! x2
You barely miss the yak. You headbutt the yak.
You kill the yak!
Trog accepts your kill. The yak gores you but does no damage.
Your Fighting skill increases to level 5!
Your Staves skill increases to level 2!
You sock the yak!
The yak is lightly wounded.
The yak gores you!
* * * LOW HITPOINT WARNING * * *
The yak gores you!
* * * LOW HITPOINT WARNING * * *
You hit the yak. Your headbutt misses the yak.
The yak is moderately wounded.
The yak gores you but does no damage. x2
You completely miss the yak.
The yak is moderately wounded.
The yak barely misses you. The yak gores you!
You die...

.........................
.........................
.......(.................
#.....##..<..............
.......##.....).........#
.................$......#
................Y.....###
.#)............YYY.##....
....$........###@##......
..............##........#
..................##.>..#
#.........#.##..... ...##
..........###...######.#
.....#......#.$.+ .#
#...###..#......# ....
.#..#####. .... .....#


You could see 4 yaks.

Vanquished Creatures
  Sigmund (D:3)
  A yak (D:4)
  A scorpion (D:4)
  Jessica (D:2)
  An adder (D:4)
  An adder skeleton (D:4)
  A worm (D:2)
  A dart slug (D:2)
  An orc (D:3)
  2 bats
  5 endoplasms
  7 goblins
  4 hobgoblins
  4 jackals
  8 kobolds
  5 ball pythons
  2 frilled lizards
  3 rats
49 creatures vanquished.

Notes
Turn   | Place    | Note
-------+----------+-------------------------------------------
     0 | D:1      | saw2855 the Minotaur Berserker began the quest for the Orb.
     0 | D:1      | Reached XP level 1. HP: 19/19 MP: 0/0
   412 | D:1      | Reached skill level 4 in Axes
   579 | D:1      | Reached XP level 2. HP: 26/27 MP: 1/1
   876 | D:1      | Found a faded altar of an unknown god.
  1580 | D:2      | Noticed Jessica
  1584 | D:2      | Killed Jessica
  1585 | D:2      | Reached XP level 3. HP: 30/33 MP: 2/2
  1710 | D:2      | Reached skill level 5 in Axes
  1826 | D:3      | Noticed Sigmund
  1841 | D:3      | Killed Sigmund
  1842 | D:3      | Reached skill level 6 in Axes
  1842 | D:3      | Reached XP level 4. HP: 20/41 MP: 3/3
  1842 | D:3      | Reached XP level 5. HP: 23/47 MP: 4/4
  1852 | D:3      | Reached ** piety under Trog
  2356 | D:3      | Identified the +5 quarterstaff "Jergh" {drain, rC+}
  2686 | D:4      | Reached skill level 1 in Staves
  2686 | D:4      | Reached skill level 1 in Stealth
  2686 | D:4      | Reached XP level 6. HP: 30/55 MP: 5/5
  2989 | D:4      | Noticed a yak
  2991 | D:4      | Noticed a yak
  2991 | D:4      | Noticed a yak
  2993 | D:4      | Noticed a yak
  2996 | D:4      | Noticed a yak
  3015 | D:4      | Killed a yak
  3016 | D:4      | Reached skill level 5 in Fighting
  3018 | D:4      | Slain by a yak

Illustrated notes

Levels and vault maps discovered:
D:1:      mainiacjoe_arrival_reflecting_pool, layout_basic,
          hellmonk_ecumenical_altar_heavens_door, hex_medium,
          minmay_misc_feat_hallway
D:2:      layout_basic, nicolae_figureground_sparkle, uniq_jessica
D:3:      layout_loops_ring, minmay_splitting_lines, uniq_sigmund
D:4:      layout_cave_pools, general_overflow_altar, enter_ossuary_5

Skill      XL: |  1  2  3  4  5  6 |
---------------+-------------------+-----
Axes           | 4 6 |  6.3
Fighting       | 4 5 |  5.1
Armour         | 3 |  3.9
Dodging        | 3 |  3.2
Staves         | 1 2 |  2.7
Stealth        | 1 |  1.2

Action                   |  1- 3 |  4- 6 || total
-------------------------+-------+-------++-------
Melee: Hand axe          |    53 |    10 ||    63
       Headbutt          |     8 |     8 ||    16
       Punch             |     1 |       ||     1
       Quarterstaff      |       |    21 ||    21
Invok: Berserk           |     1 |     1 ||     2
  Use: Scroll            |     5 |     1 ||     6
 Stab: Sleeping          |     1 |       ||     1
Armor: Animal skin       |     5 |       ||     5
       Leather armour    |     7 |     1 ||     8
       Scale mail        |       |    10 ||    10
Dodge: Dodged            |    36 |    21 ||    57
